 Dungeon Crawl Stone Soup version 0.31-a0-152-g6aa68a64a1 (webtiles) character file.

Game seed: 10430342669341070562

53 qw the Shooter (level 3, -1/31 HPs)
             Began as a Minotaur Hunter on June 9, 2023.
             Slain by a gnoll
             ... wielding a +0 vampiric spear
              (6 damage)
             ... on level 2 of the Dungeon.
             The game lasted 00:00:25 (834 turns).

qw the Shooter (Minotaur Hunter)                     Turns: 834, Time: 00:00:26

Health: -1/31      AC:  3    Str: 15    XL:     3   Next: 64%
Magic:  2/2        EV: 12    Int:  6    God:
Gold:   43         SH:  0    Dex: 15    Spells: 2/2 levels left

rFire   . . .        Y - +1 shortbow
rCold   . . .        (shield currently unavailable)
rNeg    + . .        c - +0 leather armour
rPois   .            (helmet restricted)
rElec   .            (no cloak)
rCorr   .            (no gloves)
SInv    .            (no boots)
Will    .....        (no amulet)
Stlth   +            h - ring of positive energy
HPRegen 0.25/turn    (no ring)
MPRegen 0.08/turn

%: no passive effects
@: no status effects
A: horns 2, retaliatory headbutt
a: no special abilities


You were on level 2 of the Dungeon.
You visited 1 branch of the dungeon, and saw 2 of its levels.

You collected 43 gold pieces.


Innate Abilities, Weirdness & Mutations

You have a pair of horns on your head.
You reflexively headbutt those who attack you in melee.


   Skills:
 - Level 3.0 Fighting
 + Level 5.7 Ranged Weapons
 - Level 2.1 Dodging
 - Level 0.7 Stealth


You had 2 spell levels left.
You didn't know any spells.
Your spell library was empty.

Inventory:

Hand Weapons
 Y - a +1 shortbow (weapon)
Armour
 c - a +0 leather armour (worn)
Jewellery
 h - a ring of positive energy (left hand)
Potions
 b - a potion of curing {unknown}
 d - a potion of brilliance {unknown}
 e - 2 potions of degeneration {unknown}
 f - a potion of magic {unknown}

Dungeon Overview and Level Annotations

Branches:
Dungeon (2/15)

Altars:


Message History

Enter note: You shoot an arrow.
The arrow hits the adder!
You kill the adder!
You see here an adder corpse.
A gnoll and a worm come into view.
The gnoll is wielding a +0 vampiric spear.
Enter note:
Enter note:
Enter note:
Enter note:
Enter note:
Enter note: You shoot an arrow.
The arrow barely misses the gnoll.
You hear a shout!
A goblin comes into view. It is wielding a +0 dagger.
You shoot an arrow. The arrow barely misses the goblin.
The goblin unwields a +0 dagger.
The goblin wields a +0 sling.
The goblin shoots a sling bullet.
The sling bullet barely misses you.
829 ||| Stepping ~*~*~tactically~*~*~ (outnumbered).
You shoot an arrow. The arrow hits the gnoll.
The gnoll is moderately wounded.
You shoot an arrow.
The arrow hits the gnoll but does no damage.
The gnoll is moderately wounded.
The gnoll hits you from afar with a +0 vampiric spear.
The goblin shoots a sling bullet.
The sling bullet hits you.
You shoot an arrow. The arrow hits the gnoll.
The gnoll is heavily wounded.
The gnoll hits you from afar with a +0 vampiric spear.
The gnoll draws strength from your wounds!
The goblin shoots a sling bullet.
The sling bullet hits you.
You shoot an arrow. The arrow closely misses the gnoll.
The gnoll hits you from afar with a +0 vampiric spear.
The gnoll draws strength from your wounds!
You shoot an arrow. The arrow hits the goblin!
You kill the goblin!
The gnoll hits you from afar with a +0 vampiric spear.
The gnoll draws strength from your wounds!
The gnoll hits you from afar with a +0 vampiric spear.
You die...

# ....# #.
.... .##
... ..# ..#
..#..# ..
....#....
#gw...w..
#)# #@#.#
..#
###.#.###.#
...#
#...#......
...#..
#.....#
....##.
#.....#
.......
#.....#
##.#...
##%.#.....
.......
#..##.#..
.....<.
#..# ...#
.......


You could see a worm and a gnoll.

Vanquished Creatures
  An adder (D:2)
  A dart slug (D:1)
  3 ball pythons
  6 endoplasms
  2 giant cockroaches (D:1)
  7 goblins
  A hobgoblin (D:1)
  4 jackals (D:2)
  2 quokkas (D:1)
  5 bats
  2 frilled lizards
  3 kobolds (D:1)
  A rat (D:2)
38 creatures vanquished.

Notes
Turn   | Place    | Note
-------+----------+-------------------------------------------
     0 | D:1      | qw the Minotaur Hunter began the quest for the Orb.
     0 | D:1      | Reached XP level 1. HP: 18/18 MP: 0/0
     0 | D:1      | 0 ||| qw: Version: 0.2-a-122-gbc61b45
     0 | D:1      | 0 ||| qw: Game counter: 3279
     0 | D:1      | 0 ||| qw: Always use a shield: true
     0 | D:1      | 0 ||| qw: God list: Okawaru
     0 | D:1      | 0 ||| qw: Allow faded altars: false
     0 | D:1      | 0 ||| qw: Do Orc after D:15 true
     0 | D:1      | 0 ||| qw: Do second Lair branch before Depths: true
     0 | D:1      | 0 ||| qw: Lair rune preference: random
     0 | D:1      | 0 ||| qw: Plans: Normal
     0 | D:1      | 0 ||| PLANNING D:1-11
    60 | D:1      | Reached XP level 2. HP: 25/25 MP: 1/1
   104 | D:1      | Reached skill level 5 in Ranged Weapons
   186 | D:1      | You fall into a shaft and drop 1 floor!
   201 | D:2      | 201 ||| READING scroll labelled QIAPLERCHIUMN.
   202 | D:2      | 202 ||| DROPPING scroll of butterflies.
   217 | D:2      | Reached skill level 3 in Fighting
   221 | D:2      | 221 ||| FLEEEEING.
   222 | D:2      | 222 ||| FLEEEEING.
   223 | D:2      | 223 ||| STAIRDANCE
   337 | D:1      | Reached XP level 3. HP: 27/31 MP: 2/2
   337 | D:1      | 337 ||| FLEEEEING.
   464 | D:1      | Found a faded altar of an unknown god.
   729 | D:1      | 729 ||| UPGRADING to ring of positive energy.
   730 | D:1      | 730 ||| READING scroll labelled BUMUEN GYATT.
   731 | D:1      | 731 ||| READING scroll labelled EQAEMOXTIO.
   732 | D:1      | 732 ||| READING scroll labelled TIONO ONWUETID.
   829 | D:2      | 829 ||| Stepping ~*~*~tactically~*~*~ (outnumbered).
   834 | D:2      | HP: 5/31 [gnoll/+0 vampiric spear (6)]
   834 | D:2      | Slain by a gnoll

Levels and vault maps discovered:
D:1:      saegor_arrival_simple_a, layout_basic, basic_ecumenical_altar,
          minmay_small_reverse_x
D:2:      layout_rooms, st_stairs_3

Skill      XL: |  1  2 |
---------------+-------+-----
Ranged Weapons | 5 |  5.7
Fighting       | 3 |  3.0
Dodging        | |  2.1
Stealth        | |  0.7

Action                     || total
---------------------------++-------
   Fire: Shortbow          ||   101
    Use: Scroll            ||     4
 Armour: Leather armour    ||    20
  Dodge: Dodged            ||    28

Table legend:
 A = Non-vault XP
 B = Vault XP
 C = Vault XP percentage of total XP
 D = Non-vault monster count
 E = Vault monster count
 F = Vault count percentage of total count
                 A         B        C        D         E       F
            +---------+---------+-------+---------+---------+-------
      Total |      67 |      12 |  15.2 |      33 |       5 |  13.2
            +---------+---------+-------+---------+---------+-------
        D:1 |      38 |      10 |  20.8 |      21 |       4 |  16.0
        D:2 |      29 |       2 |   6.5 |      12 |       1 |   7.7
            +---------+---------+-------+---------+---------+-------
